 Dungeon Crawl Stone Soup version 0.30-a0-368-g86fb4627a9 (webtiles) character file.

Game seed: 6719888195065160966

6615 Maxmaps the Blocker (level 10, 0/79 HPs)
             Began as a Demonspawn Monk on Nov 20, 2022.
             Was an Initiate of Gozag.
             Slain by a vampire (10 damage)
             ... on level 9 of the Dungeon.
             The game lasted 00:14:16 (7930 turns).

Maxmaps the Blocker (Demonspawn Monk)               Turns: 7930, Time: 00:14:17

Health: 0/79       AC: 17    Str: 11    XL:     10   Next: 72%
Magic:  10/10      EV:  6    Int: 17    God:    Gozag
Gold:   2039       SH: 12    Dex: 15    Spells: 9/9 levels left

rFire   . . .      SeeInvis .    u - +3 short sword (venom)
rCold   . . .      Faith    .    D - +1 kite shield
rNeg    . . .      Spirit   .    v - +0 chain mail
rPois   +          Reflect  .    (helmet restricted)
rElec   .          Harm     .    G - +2 cloak {rPois}
rCorr   +          Rampage  .    (no gloves)
Will    .....                    (no boots)
Stlth   ..........               s - amulet of regeneration
HPRegen 1.13/turn                (no ring)
MPRegen 0.12/turn                (no ring)

@: studying 2 skills
A: antennae 1, yellow scales 3, spiny 1
a: Renounce Religion, Potion Petition, Call Merchant, Bribe Branch


You were on level 9 of the Dungeon.
You worshipped Gozag.
Gozag was most pleased with you.
You visited 2 branches of the dungeon, and saw 10 of its levels.
You also visited: Ossuary.

You collected 2234 gold pieces.
You spent 195 gold pieces at shops.

Inventory:

Hand Weapons
 a - a +0 falchion
 u - a +3 short sword of venom (weapon)
Missiles
 y - 2 throwing nets (quivered)
Armour
 v - a +0 chain mail (worn)
 D - a +1 kite shield (worn)
 G - a +2 cloak of poison resistance (worn)
Jewellery
 b - a ring of ice
 s - an amulet of regeneration (around neck)
Wands
 m - a wand of acid (7)
 B - a wand of flame (30)
 C - a wand of roots (4)
Scrolls
 d - 2 scrolls of blinking
 e - 5 scrolls of noise
 i - 6 scrolls of teleportation
 j - 2 scrolls of enchant weapon
 k - a scroll of fear
 l - a scroll of magic mapping
 o - a scroll of fog
 p - 2 scrolls of identify
 r - a scroll of enchant armour
 E - a scroll of vulnerability {unknown}
 H - a scroll of silence {unknown}
 I - a scroll of poison {unknown}
Potions
 c - 2 potions of ambrosia
 f - 4 potions of flight {unknown}
 g - 3 potions of degeneration {unknown}
 h - 2 potions of berserk rage {unknown}
 n - a potion of invisibility {unknown}
 q - 4 potions of heal wounds
 t - 4 potions of brilliance
 w - a potion of cancellation {unknown}
 x - 3 potions of curing
 z - a potion of mutation {unknown}
 A - 4 potions of might {unknown}
 F - 2 potions of haste {unknown}


   Skills:
 - Level 7.0 Fighting
 - Level 4.3 Long Blades
 - Level 7.0 Armour
 - Level 7.1 Dodging
 - Level 1.7 Stealth
 + Level 9.3 Shields


You had 9 spell levels left.
You didn't know any spells.
Your spell library contained the following spells:

 Spells                   Type           Power      Damage    Failure   Level
 Magic Dart               Conj           0%         1d3       100%        1
 Slow                     Hex            0%         N/A       100%        1
 Searing Ray              Conj           0%         2d4       100%        2
 Confusing Touch          Hex            0%         N/A       100%        3
 Vampiric Draining        Necr           0%         2d6       100%        3
 Fulminant Prism          Conj/Hex       0%         3d5       100%        4


Dungeon Overview and Level Annotations

Branches:
Dungeon (9/15)             Temple (1/1) D:4            Lair (0/5) D:8
Ossuary (visited)
    Orc: D:9-12

Altars:
Ashenzari
Cheibriados
Dithmenos
Fedhas
Gozag
Hepliaklqana
Kikubaaqudgha
Makhleb
Nemelex Xobeh
Okawaru
Qazlal
Sif Muna
Uskayaw
Vehumet
Xom
Yredelemnul

Shops:
D:2 [   D:5 (   D:8 (


Innate Abilities, Weirdness & Mutations

You have a pair of small antennae on your head.
You are completely covered in yellow scales. (AC +4, rCorr)
You are partially covered in sharp spines.


Message History

You miss something. Something hits you but does no damage. Something bites you.
Something draws strength from your injuries!
You hit something but do no damage. Something hits you!
Something bites you but does no damage.
You hit something. Something hits you but does no damage.
You block something's attack.
You hit something but do no damage. Something hits you but does no damage.
You block something's attack.
You hit something but do no damage. Something hits you.
Something bites you but does no damage.
You closely miss something.
You hear some strange, mumbled words.
Something tries to affect you, but you resist.
You hit something. Something hits you but does no damage. Something bites you.
Something draws strength from your injuries!
You hit something but do no damage. Something hits you but does no damage.
Something bites you.
Something draws strength from your injuries!
You hit something but do no damage. Something hits you.
Something bites you but does no damage.
You closely miss something. Something hits you!
Something bites you but does no damage.
You hit something but do no damage. Something hits you but does no damage.
You block something's attack.
You barely miss something.
You hear some strange, mumbled words.
Something tries to affect you, but you resist.
You hit something but do no damage. You block something's attack.
Something bites you but does no damage.
You hit something but do no damage. Something hits you. Something bites you.
Something draws strength from your injuries!
You hit something but do no damage. Something hits you!
* * * LOW HITPOINT WARNING * * *
Something bites you!
* * * LOW HITPOINT WARNING * * *
Something draws strength from your injuries!
You hit something but do no damage. Something hits you but does no damage.
Something bites you!
You die...
Your body crumbles into a pile of gold.

#...........#. ........#
#...........#. ........#
#...........#. ........#
#...........#. .......<#
#...........#. ........#
#...........#. ........#
#...........#. .......{#
#...........#.
.......@###...........#.
......................#.
########################


There were no monsters in sight!

Vanquished Creatures
  A two-headed ogre (D:8)
  Pikel (D:4)
  A deep elf pyromancer (D:8)
  Sigmund (D:5)
  8 yaks (D:8)
  A steam dragon (D:7)
  A water moccasin (D:6)
  3 orc warriors
  A sky beast (D:7)
  2 ice beasts
  3 ogres
  3 centaurs (D:6)
  A phantom (D:5)
  3 kobold brigands
  3 gnoll sergeants
  4 bullfrogs
  2 scorpions (D:7)
  A wight (D:8)
  A killer bee (D:8)
  2 howler monkeys (D:9)
  4 gnoll boudas
  9 hounds
  4 jellies
  9 orc priests
  3 iguanas
  Ijyb (D:5)
  11 orc wizards
  A mummy (Ossuary)
  13 gnolls
  4 adders
  3 shadow imps
  2 white imps
  An ufetubus (D:5)
  A worm (D:4)
  5 dart slugs
  55 orcs
  4 spectral bats (Ossuary)
  8 endoplasms
  3 giant cockroaches
  12 gnoll zombies (Ossuary)
  8 goblins
  13 hobgoblins
  11 jackals
  27 kobolds
  2 quokkas
  8 ball pythons
  12 bats
  3 bat simulacra (Ossuary)
  4 frilled lizards
  4 goblin zombies (Ossuary)
  3 hobgoblin zombies (Ossuary)
  3 kobold simulacra (Ossuary)
  7 kobold zombies (Ossuary)
  4 orc zombies (Ossuary)
  10 rats
  7 rat simulacra (Ossuary)
  2 spectral goblins (Ossuary)
  3 spectral kobolds (Ossuary)
  2 spectral rats (Ossuary)
329 creatures vanquished.

Vanquished Creatures (others)
  An orc wizard (D:9)
  32 plants
33 creatures vanquished.

Grand Total: 362 creatures vanquished

Notes
Turn   | Place    | Note
-------+----------+-------------------------------------------
     0 | D:1      | Maxmaps the Demonspawn Monk began the quest for the Orb.
     0 | D:1      | Reached XP level 1. HP: 18/18 MP: 1/1
   217 | D:1      | Gained mutation: You are partially covered in sharp spines.
                  | [demonic ancestry]
   217 | D:1      | Reached XP level 2. HP: 10/24 MP: 2/2
   507 | D:1      | Gained mutation: You are partially covered in yellow
                  | scales. (AC +2) [demonic ancestry]
   507 | D:1      | Reached XP level 3. HP: 29/29 MP: 3/3
   817 | D:2      | Found a faded altar of an unknown god.
   920 | D:2      | Found Joakol's Antique Armour Emporium.
  1119 | D:2      | Reached XP level 4. HP: 35/35 MP: 4/4
  1256 | D:3      | Reached skill level 1 in Shields
  1483 | D:3      | Reached skill level 2 in Shields
  1598 | D:3      | Gained mutation: You have a pair of small antennae on your
                  | head. [demonic ancestry]
  1598 | D:3      | Reached XP level 5. HP: 37/41 MP: 5/5
  2026 | D:4      | Reached skill level 3 in Shields
  2156 | D:4      | Reached skill level 4 in Shields
  2156 | D:4      | Reached XP level 6. HP: 27/47 MP: 6/6
  2234 | D:4      | Noticed Pikel
  2251 | D:4      | Killed Pikel
  2252 | D:4      | Gained mutation: You are mostly covered in yellow scales.
                  | (AC +3) [demonic ancestry]
  2252 | D:4      | Reached XP level 7. HP: 40/52 MP: 7/7
  2274 | D:4      | Found a staircase to the Ecumenical Temple.
  2308 | Temple   | Entered the Ecumenical Temple
  2345 | Temple   | Became a worshipper of Gozag Ym Sagoz the Greedy
  2529 | D:4      | Reached skill level 5 in Armour
  3063 | D:5      | Entered Level 5 of the Dungeon
  3298 | D:5      | Found Acipiuv's Antique Weapon Shoppe.
  3560 | D:5      | Noticed Sigmund
  3560 | D:5      | Noticed Ijyb
  3570 | D:5      | Killed Sigmund
  3571 | D:5      | Reached XP level 8. HP: 53/58 MP: 8/8
  3577 | D:5      | Killed Ijyb
  4229 | D:6      | Reached skill level 5 in Dodging
  4483 | D:6      | Gained mutation: You are completely covered in yellow
                  | scales. (AC +4, rCorr) [demonic ancestry]
  4483 | D:6      | Reached XP level 9. HP: 60/63 MP: 9/9
  5068 | D:6      | Reached skill level 5 in Fighting
  5490 | D:7      | Found a sand-covered staircase.
  5537 | Ossuary  | Entered an ossuary
  6179 | D:2      | Bought an embroidered cloak for 195 gold pieces
  6588 | D:8      | Reached skill level 5 in Shields
  6768 | D:8      | Noticed a two-headed ogre
  6781 | D:8      | Killed a two-headed ogre
  6782 | D:8      | Reached skill level 6 in Shields
  6782 | D:8      | Reached XP level 10. HP: 65/79 MP: 10/10
  6884 | D:8      | Reached skill level 7 in Shields
  6984 | D:8      | Found a staircase to the Lair.
  6995 | D:8      | Found Qickizo's Weapon Shop.
  7024 | D:8      | Noticed a deep elf pyromancer
  7037 | D:8      | Killed a deep elf pyromancer
  7038 | D:8      | Reached skill level 8 in Shields
  7480 | D:9      | Reached skill level 9 in Shields
  7930 | D:9      | Slain by a vampire

Illustrated notes

Levels and vault maps discovered:
D:1:      minmay_arrival_glassed_features, layout_basic, serial_curves,
          eino_curves_01, eino_curves_04, eino_curves_02, minmay_cupped
D:2:      layout_rooms, hellmonk_ecumenical_altar_dog_temple, serial_shops,
          nicolae_shop_statue_plus, minmay_vboxes
D:3:      layout_loops_ring
D:4:      layout_loops_ring, minmay_temple_entry_junction,
          serial_bayou_crossing, uniq_pikel
D:5:      layout_gridville, serial_shops, kennysheep_little_box, minivault_4,
          kennysheep_windowed_goal, uniq_sigmund, uniq_ijyb
D:6:      kennysheep_housing_project, layout_gridville, minmay_manual_mares
D:7:      layout_rooms, nicolae_ossuary_entry_monument, chequers_avenue,
          minmay_holes, item_on_display_a
D:8:      nicolae_cairo_tiling_large_dashed, layout_loops_cross, serial_shops,
          nicolae_shop_crystal, palyth_stone_intersect, minmay_manual_mail
D:9:      layout_long_grid
Temple:   nicolae_temple_bog_church

Skill      XL: |  1  2  3  4  5  6  7  8  9 10 |
---------------+-------------------------------+-----
Long Blades    | 3 4 |  4.3
Shields        | 2 4 6 9 |  9.3
Armour         | 4 6 7 |  7.0
Dodging        | 6 7 |  7.1
Fighting       | 7 |  7.0
Stealth        | |  1.7

Action                   |  1- 3 |  4- 6 |  7- 9 | 10-12 || total
-------------------------+-------+-------+-------+-------++-------
Melee: Falchion          |   109 |    79 |       |       ||   188
       Short sword       |       |    56 |   544 |   184 ||   784
  Use: Scroll            |       |       |    10 |       ||    10
       Potion            |       |       |     1 |       ||     1
 Stab: Sleeping          |     7 |     2 |       |       ||     9
       Distracted        |       |       |     1 |       ||     1
Armor: Robe              |    33 |    19 |       |       ||    52
       Chain mail        |       |    10 |   250 |    78 ||   338
Dodge: Dodged            |    80 |    42 |   103 |    19 ||   244
Block: Buckler           |     3 |    31 |    37 |       ||    71
       Kite shield       |       |       |   230 |    97 ||   327

Table legend: (Time is in decaauts)
 A = Elapsed time spent in this place.
 B = Non-inter-level travel time spent in this place.
 C = Inter-level travel time spent in this place.
 D = Time resting spent in this place.
 E = Time spent auto-exploring this place.
 F = Levels seen in this place.
 G = Mean time per level.
                   A        B        C        D        E       F      G
               +--------+--------+--------+--------+--------+-----+--------+
         Total |   7971 |   7420 |    551 |    333 |   4860 |  11 |  724.6 |
       Dungeon |   7236 |   6712 |    524 |    325 |   4501 |   9 |  804.0 |
        Temple |    213 |    186 |     27 |      0 |    158 |   1 |  213.0 |
       Ossuary |    521 |    521 |      0 |      8 |    201 |   1 |  521.0 |
               +--------+--------+--------+--------+--------+-----+--------+

Top non-repeatable levels by time:
     D:6: 1249 daAuts
     D:5: 1105 daAuts
     D:3: 903 daAuts
     D:8: 863 daAuts
     D:4: 857 daAuts
     D:1: 741 daAuts
     D:7: 538 daAuts
 Ossuary: 521 daAuts
     D:9: 504 daAuts
     D:2: 471 daAuts
  Temple: 213 daAuts
